 Dungeon Crawl Stone Soup version 0.30.0-29-ga12c61a403 (webtiles) character file.

Game seed: 2766187399979590826

309 olmar the Grasshopper (level 6, -2/51 HPs)
             Began as a Gnoll Warper on June 11, 2023.
             Slain by a red devil
             ... wielding a +1 demon trident of flaming
             ... summoned by a kobold demonologist
              (4 damage)
             ... on level 5 of the Dungeon.
             The game lasted 00:04:55 (3672 turns).

olmar the Grasshopper (Gnoll Warper)                Turns: 3672, Time: 00:04:56

Health: -2/51      AC:  9    Str: 10    XL:     6   Next: 41%
Magic:  23/23      EV: 16    Int: 14    God:
Gold:   113        SH:  0    Dex: 12    Spells: 13/15 levels left

rFire   . . .        n - +2 whip (elec)
rCold   . . .        (no shield)
rNeg    . . .        j - +4 ring mail
rPois   .            (no helmet)
rElec   .            (no cloak)
rCorr   .            (no gloves)
SInv    .            (no boots)
Will    .....        (no amulet)
Stlth   +            r - ring of magical power
HPRegen 0.28/turn    y - +5 ring of evasion
MPRegen 0.18/turn

%: no passive effects
@: spiked
A: fangs 1, strong nose, distributed training
a: no special abilities


You were on level 5 of the Dungeon.
You visited 1 branch of the dungeon, and saw 5 of its levels.

You collected 113 gold pieces.

Inventory:

Hand Weapons
 a - a +0 mace
 n - a +2 whip of electrocution (weapon)
Missiles
 d - 5 boomerangs of dispersal
 t - 8 poisoned darts (quivered)
Armour
 b - a +0 leather armour
 j - a +4 ring mail (worn)
 l - a +1 scale mail of cold resistance
Magical Staves
 k - a staff of air
Jewellery
 r - a ring of magical power (left hand)
 y - a +5 ring of evasion (right hand)
Wands
 s - a wand of flame (3)
Scrolls
 c - 4 scrolls of blinking
 f - a scroll of torment
 g - a scroll of enchant weapon
 i - a scroll of vulnerability {unknown}
 q - 2 scrolls of identify
 u - a scroll of summoning {unknown}
 v - a scroll of teleportation {unknown}
 w - a scroll of amnesia
Potions
 h - a potion of haste
 m - a potion of curing
 o - 2 potions of berserk rage
 p - a potion of brilliance {unknown}
 x - 2 potions of flight {unknown}


   Skills:
 + Level 5.0 Fighting
 + Level 2.0 Short Blades
 + Level 2.0 Long Blades
 + Level 2.0 Axes
 + Level 5.0 Maces & Flails
 + Level 2.0 Polearms
 + Level 2.0 Staves
 + Level 2.0 Ranged Weapons
 + Level 3.3 Throwing
 + Level 3.3 Armour
 + Level 5.0 Dodging
 + Level 2.0 Stealth
 + Level 2.0 Shields
 + Level 2.0 Unarmed Combat
 + Level 5.4 Spellcasting
 + Level 1.6 Conjurations
 + Level 1.6 Hexes
 + Level 1.6 Summonings
 + Level 1.6 Necromancy
 + Level 5.7 Translocations
 + Level 1.6 Transmutations
 + Level 1.6 Fire Magic
 + Level 1.6 Ice Magic
 + Level 1.6 Air Magic
 + Level 1.6 Earth Magic
 + Level 1.6 Poison Magic
 + Level 2.2 Invocations
 + Level 2.0 Evocations


You had 13 spell levels left.
You knew the following spells:

 Your Spells              Type           Power      Damage    Failure   Level
a - Blink                 Tloc           38%        N/A       6%          2

Your spell library contained the following spells:

 Spells                   Type           Power      Damage    Failure   Level
 Lesser Beckoning         Tloc           38%        N/A       6%          2
 Teleport Other           Tloc           19%        N/A       12%         3
 Freeze                   Ice            32%        1d5       22%         1
 Vhi's Electric Charge    Tloc/Air       28%        N/A       26%         3
 Manifold Assault         Tloc           19%        N/A       36%         4
 Frozen Ramparts          Ice            16%        1d3       54%         3
 Hailstorm                Conj/Ice       8%         3d4       54%         3
 Simulacrum               Ice/Necr       4%         N/A       100%        6
 Ozocubu's Refrigeration  Ice            4%         4d8       100%        7
 Polar Vortex             Ice            4%         N/A       100%        9


Dungeon Overview and Level Annotations

Branches:
Dungeon (5/15)
 Temple: D:4-7

Altars:
Cheibriados
Vehumet
Zin

Shops:
D:4 *

Annotations:
D:4 2 runed translucent doors, Drain's ghost, weakling HuCj


Innate Abilities, Weirdness & Mutations

You have very sharp teeth.
Your uncanny sense of smell can sniff out nearby items.
Your experience applies equally to all skills.


Message History

The red devil burns you.
Unknown command.
You are too injured to fight recklessly!
Unknown command.
You are too injured to fight recklessly!
Unknown command.
You feel much better.
The kobold demonologist casts a spell.
The red devil misses you.
Okay, then.
Unknown command.
You hit the kobold demonologist but do no damage.
Your bite misses the kobold demonologist.
The kobold demonologist hits you but does no damage.
The red devil misses you.
Unknown command.
You hit the kobold demonologist.
The kobold demonologist is lightly wounded.
The white imp hits you but does no damage.
The kobold demonologist casts a cantrip, but nothing happens.
The red devil hits you from afar with a +1 demon trident of flaming!
Barbed spikes become lodged in your body.
The red devil burns you.
You hit the kobold demonologist but do no damage.
The kobold demonologist is lightly wounded.
The white imp hits you but does no damage.
The kobold demonologist hits you with a +0 dagger.
The red devil hits you from afar with a +1 demon trident of flaming!
* * * LOW HITPOINT WARNING * * *
Barbed spikes become lodged in your body.
The red devil burns you.
* * * LOW HITPOINT WARNING * * *
You feel much better.
The white imp hits you but does no damage.
The kobold demonologist hits you with a +0 dagger.
The red devil hits you from afar with a +1 demon trident of flaming!!
* * * LOW HITPOINT WARNING * * *
Barbed spikes become lodged in your body.
The red devil burns you.
You die... # ?..##.######.# .......5@K4.# ...##.######.# # ∆

You could see a kobold demonologist, a red devil (summoned) and a white imp (summoned).

Vanquished Creatures
  2 scorpions (D:4)
  An orc priest (D:5)
  Jessica (D:3)
  Terence (D:3)
  4 adders
  An ufetubus (D:4)
  2 dart slugs
  4 orcs
  4 endoplasms
  A giant cockroach (D:1)
  5 hobgoblins
  4 jackals
  5 quokkas
  7 ball pythons
  4 bats
  3 frilled lizards
  5 goblins
  7 kobolds
  5 rats
66 creatures vanquished.

Notes
Turn   | Place    | Note
-------+----------+-------------------------------------------
     0 | D:1      | olmar the Gnoll Warper began the quest for the Orb.
     0 | D:1      | Reached XP level 1. HP: 20/20 MP: 6/6
   104 | D:1      | Reached XP level 2. HP: 14/26 MP: 7/7
  1111 | D:2      | Learned a level 2 spell: Blink
  1292 | D:2      | Reached skill level 5 in Spellcasting
  1292 | D:2      | Reached XP level 3. HP: 30/31 MP: 7/9
  1346 | D:2      | Reached skill level 1 in Invocations
  1762 | D:2      | Reached skill level 1 in Short Blades
  1762 | D:2      | Reached skill level 1 in Long Blades
  1762 | D:2      | Reached skill level 1 in Axes
  1762 | D:2      | Reached skill level 1 in Polearms
  1762 | D:2      | Reached skill level 1 in Staves
  1762 | D:2      | Reached skill level 1 in Ranged Weapons
  1762 | D:2      | Reached skill level 1 in Stealth
  1762 | D:2      | Reached skill level 1 in Shields
  1762 | D:2      | Reached skill level 1 in Unarmed Combat
  1762 | D:2      | Reached skill level 1 in Evocations
  2322 | D:3      | Reached XP level 4. HP: 38/38 MP: 11/11
  2489 | D:3      | Noticed Terence
  2501 | D:3      | Found a radiant altar of Vehumet.
  2515 | D:3      | Killed Terence
  2516 | D:3      | Reached skill level 1 in Conjurations
  2516 | D:3      | Reached skill level 1 in Hexes
  2516 | D:3      | Reached skill level 1 in Summonings
  2516 | D:3      | Reached skill level 1 in Necromancy
  2516 | D:3      | Reached skill level 1 in Transmutations
  2516 | D:3      | Reached skill level 1 in Fire Magic
  2516 | D:3      | Reached skill level 1 in Ice Magic
  2516 | D:3      | Reached skill level 1 in Air Magic
  2516 | D:3      | Reached skill level 1 in Earth Magic
  2516 | D:3      | Reached skill level 1 in Poison Magic
  2634 | D:3      | Noticed Jessica
  2636 | D:3      | Killed Jessica
  2637 | D:3      | Reached XP level 5. HP: 43/43 MP: 12/12
  2901 | D:4      | Found Nizaluroj's CLEARANCE SALE!.
  2944 | D:4      | Found a snail-covered altar of Cheibriados.
  2991 | D:4      | Found a glowing silver altar of Zin.
  3178 | D:4      | Reached skill level 5 in Fighting
  3178 | D:4      | Reached skill level 5 in Maces & Flails
  3178 | D:4      | Reached skill level 5 in Dodging
  3178 | D:4      | Reached XP level 6. HP: 23/51 MP: 14/14
  3541 | D:4      | Found a large runed translucent door.
  3541 | D:4      | Found a large runed translucent door.
  3545 | D:4      | Noticed Drain's ghost (weakling HuCj)
  3656 | D:5      | Entered Level 5 of the Dungeon
  3660 | D:5      | Noticed a kobold demonologist
  3664 | D:5      | Noticed a red devil
  3672 | D:5      | HP: 2/51 [red devil/+1 demon trident of flaming[a kobold
                  | demonologist] (20)]
  3672 | D:5      | Slain by a red devil

Illustrated notes

Levels and vault maps discovered:
D:1:      spicycebolla_arrival_ecumenical, layout_basic, serial_bayou_ford_a
D:2:      layout_basic
D:3:      layout_rooms, vehumet_altar_wand_db, uniq_terence, uniq_jessica
D:4:      layout_cave_pools, lemuel_tele_altar, overflow_temple_1_default,
          ebering_ghost_disaster_area, nicolae_shop_clearance
D:5:      layout_loops_ring, mainiacjoe_overflow_concentric_impassable,
          ashenzari_conservatory_becter, minmay_circle_x,
          uniq_crazy_yiuf_cottage, uniq_grinder, uniq_edmund

Skill      XL: |  1  2  3  4  5  6 |
---------------+-------------------+-----
Spellcasting   | 5 |  5.4
Invocations    | 1 2 |  2.2
Short Blades   | 1 2 |  2.0
Long Blades    | 1 2 |  2.0
Axes           | 1 2 |  2.0
Polearms       | 1 2 |  2.0
Staves         | 1 2 |  2.0
Ranged Weapons | 1 2 |  2.0
Stealth        | 1 2 |  2.0
Shields        | 1 2 |  2.0
Unarmed Combat | 1 2 |  2.0
Evocations     | 1 2 |  2.0
Conjurations   | 1 |  1.6
Hexes          | 1 |  1.6
Summonings     | 1 |  1.6
Necromancy     | 1 |  1.6
Transmutations | 1 |  1.6
Fire Magic     | 1 |  1.6
Ice Magic      | 1 |  1.6
Air Magic      | 1 |  1.6
Earth Magic    | 1 |  1.6
Poison Magic   | 1 |  1.6
Throwing       | 3 |  3.3
Armour         | 3 |  3.3
Fighting       | 5 |  5.0
Maces & Flails | 5 |  5.0
Dodging        | 5 |  5.0
Translocations | |  5.7

Action                     |  1- 3 |  4- 6 || total
---------------------------+-------+-------++-------
  Melee: Mace              |    79 |       ||    79
         Bite              |    11 |    14 ||    25
         Whip              |    59 |    93 ||   152
         Punch             |     1 |       ||     1
  Throw: Dart              |       |     4 ||     4
         Boomerang         |       |     2 ||     2
   Cast: Blink             |       |     2 ||     2
  Evoke: Wand              |       |     6 ||     6
    Use: Scroll            |     1 |     6 ||     7
         Potion            |       |     2 ||     2
 Armour: Leather armour    |    29 |       ||    29
         Ring mail         |    41 |    27 ||    68
  Dodge: Dodged            |    96 |    52 ||   148
